 Dungeon Crawl Stone Soup version 0.27.1-15-g792fb953b9 (webtiles) character file.

Game seed: 13840957220989830546

8666 toffzen the Fighter (level 11, -9/110 HPs)
             Began as a Minotaur Brigand on Nov 19, 2021.
             Was a Follower of Makhleb.
             Killed from afar by a wretched star (16 damage)
             ... with a lance of force
             ... on level 1 of the Abyss.
             The game lasted 00:19:12 (11402 turns).

toffzen the Fighter (Minotaur Brigand)             Turns: 11402, Time: 00:19:13

Health: -9/110     AC: 11    Str: 20    XL:     11   Next: 12%
Magic:  13/13      EV:  7    Int:  4    God:    Makhleb [*.....]
Gold:   304        SH:  0    Dex:  7    Spells: 10/10 levels left

rFire    . . .     SeeInvis .   a - +0 flail
rCold    . . .     Faith    .   (no shield)
rNeg     . . .     Spirit   .   C - +0 plate armour
rPois    .         Reflect  .   (helmet restricted)
rElec    .         Harm     .   c - +0 cloak
rCorr    .         Rampage  .   y - +0 pair of gloves
Will     .....                  (no boots)
Stlth    ..........             (no amulet)
HPRegen  0.28/turn              (no ring)
MPRegen  0.13/turn              (no ring)

@: mighty, unable to read
A: horns 2, retaliatory headbutt, [clumsy 2], [deformed body], [dopey 2],
[inability to read while threatened]
a: Renounce Religion


You were on level 1 of the Abyss.
You worshipped Makhleb.
Makhleb was aware of your devotion.
You visited 2 branches of the dungeon, and saw 13 of its levels.
You visited the Abyss 1 time.

You collected 352 gold pieces.
You spent 48 gold pieces at shops.

Inventory:

Hand Weapons
 a - a +0 flail (weapon)
 h - a +4 dagger
 r - a +1 mace of holy wrath
 s - a +0 spear
 w - a +2 dagger
Missiles
 d - 7 poisoned darts (quivered)
 e - 11 curare-tipped darts
 l - 249 stones
 q - 2 throwing nets
Armour
 c - a +0 cloak (worn)
 f - a +1 ring mail
 y - a +0 pair of gloves (worn)
 C - a +0 plate armour (worn)
Wands
 t - a wand of charming (11)
 z - a wand of iceblast (4)
Scrolls
 u - 2 scrolls of enchant weapon
Potions
 b - a potion of magic
 g - a potion of invisibility
 i - 3 potions of lignification
 j - 3 potions of mutation
 k - a potion of cancellation
 m - a potion of flight
 n - a potion of resistance
 o - 3 potions of brilliance


   Skills:
 + Level 14.0 Fighting
 - Level 2.1 Short Blades
 * Level 10.1 Maces & Flails
 - Level 2.0 Throwing
 + Level 7.5 Armour
 + Level 7.1 Dodging
 - Level 3.2 Stealth
 + Level 4.3 Invocations


You had 10 spell levels left.
You didn't know any spells.
Your spell library contained the following spells:

 Spells                   Type           Power      Damage    Failure   Level
 Magic Dart               Conj           0%         1d3       100%        1
 Blink                    Tloc           N/A        N/A       100%        2
 Searing Ray              Conj           0%         3d3       100%        2
 Lesser Beckoning         Tloc           0%         N/A       100%        3
 Fulminant Prism          Conj/Hex       0%         3d6       100%        4
 Manifold Assault         Tloc           0%         N/A       100%        5
 Dispersal                Tloc           0%         N/A       100%        6
 Disjunction              Tloc           0%         N/A       100%        8


Dungeon Overview and Level Annotations

Branches:
Dungeon (12/15)            Temple (1/1) D:6            Lair (0/6) D:8
    Orc: D:9-12

Altars:
Ashenzari
Cheibriados
Dithmenos
Elyvilon
Fedhas
Gozag
Hepliaklqana
Kikubaaqudgha
Makhleb
Nemelex Xobeh
Okawaru
Qazlal
Ru
Sif Muna
Trog
Uskayaw
Vehumet
Wu Jian
Xom
Yredelemnul
Zin
The Shining One

Shops:
D:5 **   D:8 ?

Annotations:
D:8 exclusion: upstairs
D:11 Erolcha


Innate Abilities, Weirdness & Mutations

You have a pair of horns on your head.
You reflexively headbutt those who attack you in melee.
[You are very clumsy. (Dex -4)]
[Armour fits poorly on your strangely shaped body.]
[You are very dopey. (Int -4)]
[You sometimes lose the ability to read scrolls when taking damage.]


Message History

You feel clumsy. x2
You feel mightier all of a sudden.
The wretched star glows turbulently.
The lance of force hits you!
You are knocked back by the lance of force.
You slam into the rock wall!
The wretched star glows turbulently.
The lance of force hits you!
You feel threatened and lose the ability to read scrolls!
You are knocked back by the lance of force.
You slam into the stone wall!
Found a quarterstaff.
You see here a +0 quarterstaff.
You can read scrolls again.
The wretched star pulses with an eldritch light!
You feel stupid. x2
You closely miss the wretched star. You headbutt the wretched star!
The wretched star is moderately damaged.
The wretched star pulses with an eldritch light!
Your body twists and deforms.
You bludgeon the wretched star!!
The wretched star is heavily damaged.
The wretched star glows turbulently.
The lance of force hits you!!
You feel threatened and lose the ability to read scrolls!
You are knocked back by the lance of force.
You slam into the rock wall!
You closely miss the wretched star.
The wretched star is heavily damaged.
The wretched star glows turbulently.
The lance of force hits you!!
* * * LOW HITPOINT WARNING * * *
You are knocked back by the lance of force.
You slam into the rock wall!
* * * LOW HITPOINT WARNING * * *
You completely miss the wretched star.
The wretched star is heavily damaged.
The wretched star glows turbulently.
The lance of force hits you!
You die...

. .... # ..# #. ..
##.## ..####.##
#.#...)...#....# .
.#...#.##....# #
#..#.#####....# #
.#....# #....# #..
# ...####....#####
.#
#.......*.........
....####@....##
#....# #......#
###.## ######...#
#.# #.. #. #.


You could see a wretched star.

Vanquished Creatures
  A centaur warrior (D:9)
  An unseen horror (D:11)
  A kobold demonologist (D:9)
  A hornet (D:8)
  A yak (D:8)
  A steam dragon (D:7)
  6 water moccasins
  An orc warrior (D:7)
  2 black bears (D:8)
  A sky beast (D:6)
  4 ogres
  4 centaurs
  A phantom (Temple)
  4 bullfrogs (D:8)
  4 kobold brigands
  A water moccasin zombie (D:6)
  A water moccasin skeleton (D:5)
  3 wights
  A howler monkey (D:8)
  3 bullfrog zombies
  5 centaur zombies
  A jelly (D:5)
  4 orc priests
  A bullfrog skeleton (D:4)
  A gnoll shaman (D:9)
  3 hounds
  2 iguanas
  A centaur skeleton (D:5)
  5 orc wizards
  A hound skeleton (D:5)
  9 gnolls
  A howler monkey zombie (D:8)
  3 adders
  A shadow imp (D:7)
  A white imp (D:5)
  An ufetubus (D:5)
  4 dart slugs
  14 orcs
  4 ball pythons (D:1)
  5 bats
  5 endoplasms
  A giant cockroach (D:2)
  5 goblins
  4 hobgoblins
  2 jackals (D:1)
  15 kobolds
  4 frilled lizards
  A rat (D:2)
146 creatures vanquished.

Vanquished Creatures (others)
  A bush (D:7)
  33 fungi (D:8)
  42 plants (D:8)
76 creatures vanquished.

Grand Total: 222 creatures vanquished

Notes
Turn   | Place    | Note
-------+----------+-------------------------------------------
     0 | D:1      | toffzen the Minotaur Brigand began the quest for the Orb.
     0 | D:1      | Reached XP level 1. HP: 18/18 MP: 0/0
   120 | D:1      | Reached skill level 1 in Armour
   120 | D:1      | Reached XP level 2. HP: 25/25 MP: 1/1
   401 | D:1      | Found a faded altar of an unknown god.
   415 | D:1      | Reached skill level 3 in Fighting
   934 | D:1      | Reached XP level 3. HP: 30/31 MP: 2/2
  1253 | D:2      | Reached XP level 4. HP: 37/39 MP: 3/3
  1497 | D:3      | Noticed an ogre
  1650 | D:3      | Reached skill level 1 in Maces & Flails
  2116 | D:4      | Reached skill level 4 in Fighting
  2292 | D:4      | Reached XP level 5. HP: 45/46 MP: 4/4
  3084 | D:4      | Noticed an ogre
  3092 | D:4      | Killed an ogre
  3442 | D:5      | Entered Level 5 of the Dungeon
  3485 | D:5      | Reached XP level 6. HP: 44/53 MP: 5/5
  3923 | D:5      | Reached XP level 7. HP: 47/60 MP: 6/6
  3925 | D:5      | Reached skill level 5 in Fighting
  4110 | D:5      | Reached skill level 5 in Maces & Flails
  4555 | D:5      | Found Atretol's Specific Store.
  4557 | D:5      | Found Wiseirch's General Store.
  4795 | D:5      | Reached skill level 5 in Armour
  5218 | D:5      | Reached XP level 8. HP: 63/70 MP: 7/7
  5434 | D:6      | Reached skill level 5 in Dodging
  5434 | D:6      | Found a staircase to the Ecumenical Temple.
  5444 | Temple   | Entered the Ecumenical Temple
  5603 | Temple   | Became a worshipper of Makhleb the Destroyer
  5650 | D:6      | Reached skill level 6 in Fighting
  6215 | Temple   | Reached skill level 1 in Invocations
  6368 | D:6      | Found an opulent altar of Gozag.
  7602 | D:7      | Reached XP level 9. HP: 78/78 MP: 9/9
  7983 | D:8      | Reached * piety under Makhleb
  7984 | D:8      | Reached skill level 7 in Fighting
  8512 | D:8      | Found a staircase to the Lair.
  9166 | D:8      | Found Otostanu's Magic Scroll Shoppe.
  9199 | D:8      | Bought a scroll of identify for 24 gold pieces
  9199 | D:8      | Bought a scroll of identify for 24 gold pieces
  9201 | D:8      | Reached skill level 13 in Fighting
  9201 | D:8      | Reached XP level 10. HP: 102/102 MP: 11/11
  9246 | D:7      | Noticed a seven-headed hydra
  9565 | D:9      | Noticed a centaur warrior
  9581 | D:9      | Killed a centaur warrior
  9985 | D:9      | Reached XP level 11. HP: 54/108 MP: 13/13
 11112 | D:9      | You fall into a shaft and drop 3 floors!
 11116 | D:12     | Noticed a skeletal warrior
 11130 | D:11     | Reached skill level 14 in Fighting
 11130 | D:11     | Reached skill level 10 in Maces & Flails
 11346 | D:10     | Entered Level 10 of the Dungeon
 11361 | D:11     | Noticed Erolcha
 11365 | D:11     | Cast into level 1 of the Abyss (Erolcha)
 11368 | Abyss:1  | Noticed a wretched star
 11402 | Abyss:1  | Killed from afar by a wretched star

Illustrated notes

Levels and vault maps discovered:
D:1:      shiori_shiawase, layout_loops_ring,
          hellmonk_ecumenical_altar_dog_temple, chequers_garden
D:2:      layout_rooms
D:3:      minmay_wonky_spiral, layout_basic, serial_rivers,
          chequers_serial_rivers_micro_d, chequers_serial_rivers_micro_e,
          chequers_serial_rivers_small_a, chequers_serial_rivers_micro_e,
          kennysheep_jessica_study
D:4:      layout_basic, st_stairs_11
D:5:      layout_loops_corners, minivault_4, nicolae_specific_store,
          hangedman_minor_gate_pass
D:6:      layout_cave_pools, mainiacjoe_overflow_24_doors,
          minmay_temple_entry_stoned_glass
D:7:      minmay_klotski, layout_basic, minmay_stone_trees_large,
          minmay_misc_feat_room, kennysheep_windowed_goal
D:8:      layout_rooms, due_lair_maze_entry_diamond, serial_aquarium,
          aquarium_bridge_long_joined [aquarium_subvault_bridge,
          aquarium_subvault_bridge, aquarium_subvault_wall,
          aquarium_subvault_window, aquarium_subvault_bridge,
          aquarium_subvault_bridge], aquarium_bridge_straight
          [aquarium_subvault_bridge, aquarium_subvault_wall,
          aquarium_subvault_bridge, aquarium_subvault_wall],
          aquarium_window_fake, aquarium_window_corner, aquarium_view_2d,
          aquarium_pool_corner, serial_shops, nicolae_stop_n_shop_1
D:9:      layout_cave_pools, small_statue_alley_b
D:10:     layout_rooms, orc_0_dummy
D:11:     layout_layer_cave, serial_shops, kennysheep_mini_moat, uniq_erolcha
D:12:     layout_gridville, nicolae_uskayaw_murder_on_the_dancefloor
Temple:   kilobyte_greek_temple
Abyss:1:  base:
D:10

Skill      XL: |  1  2  3  4  5  6  7  8  9 10 11 |
---------------+----------------------------------+-----
Armour         | 1 2 3 4 5 6 7 |  7.5
Fighting       | 3 4 5 6 13 14 | 14.0
Dodging        | 2 3 4 5 6 7 |  7.1
Maces & Flails | 1 3 4 6 8 9 10 | 10.1
Invocations    | 2 3 4 |  4.3
Short Blades   | |  2.1
Throwing       | |  2.0
Stealth        | |  3.2

Action                   |  1- 3 |  4- 6 |  7- 9 | 10-12 || total
-------------------------+-------+-------+-------+-------++-------
Melee: Dagger            |    51 |    20 |       |       ||    71
       Headbutt          |     9 |    20 |    45 |    30 ||   104
       Mace              |       |    85 |    82 |       ||   167
       Flail             |       |       |   185 |    95 ||   280
Throw: Dart              |       |     2 |     1 |       ||     3
Evoke: Wand              |       |     3 |    13 |     3 ||    19
  Use: Scroll            |       |     1 |    20 |     3 ||    24
       Potion            |       |       |     4 |     7 ||    11
 Stab: Sleeping          |     6 |       |     1 |       ||     7
Armor: Robe              |     1 |       |       |       ||     1
       Ring mail         |    11 |    40 |   109 |       ||   160
       Skin              |       |       |    14 |       ||    14
       Plate armour      |       |       |       |   107 ||   107
Dodge: Dodged            |    29 |    65 |   171 |    61 ||   326
